 Dungeon Crawl Stone Soup version 0.19-a0-148-g706f639 (webtiles) character file.

162 DarthKuruptios the Ruffian (level 5, -3/47 HPs)
             Began as a Minotaur Monk on May 18, 2016.
             Killed by divine providence
             ... invoked by an orc priest
              (15 damage)
             ... on level 3 of the Dungeon.
             The game lasted 00:09:08 (3036 turns).

DarthKuruptios the Ruffian (Minotaur Monk)          Turns: 3036, Time: 00:09:08

Health: -3/47      AC:  3    Str: 16    XL:     5   Next: 19%
Magic:  4/4        EV: 13    Int:  7    God:
Gold:   111        SH:  0    Dex: 13    Spells: 0 memorised, 4 levels left

rFire  . . .     SeeInvis .       - Unarmed
rCold  . . .     Gourm    .     h - +0 leather armour
rNeg   . . .     Faith    .     (no shield)
rPois  .         Spirit   .     (helmet restricted)
rElec  .         Dismiss  .     (no cloak)
rCorr  .         Reflect  .     (no gloves)
SustAt .         Harm     .     (no boots)
MR     .....                    f - amulet of magic regeneration
Stlth  ++........               (no ring)
                                (no ring)

@: not resistant to hostile enchantments, unstealthy
A: retaliatory headbutt, horns 2
a: no special abilities


You were on level 3 of the Dungeon.
You were hungry.

You visited 1 branch of the dungeon, and saw 3 of its levels.

You collected 111 gold pieces.

Inventory:

Missiles
 d - 98 stones (quivered)
 i - 3 javelins
Armour
 a - a +0 robe
 h - a +0 leather armour (worn)
Jewellery
 f - an amulet of magic regeneration (around neck)
 k - an uncursed amulet of faith
 o - an uncursed ring of see invisible
Scrolls
 e - 2 scrolls of random uselessness
 g - 2 scrolls of remove curse
 m - a scroll of enchant armour {unknown}
 p - a scroll of identify
Comestibles
 b - 4 bread rations
 c - 3 fruits
 l - a slice of pizza


   Skills:
 + Level 4.3 Fighting
 + Level 1.4 Throwing
 + Level 4.1 Dodging
 + Level 2.5 Stealth
 * Level 5.4 Unarmed Combat


You had 4 spell levels left.
You didn't know any spells.

Dungeon Overview and Level Annotations

Branches:
Dungeon (3/15)

Altars:
Dithmenos
Xom


Innate Abilities, Weirdness & Mutations

You reflexively headbutt those who attack you in melee.
You have a pair of horns on your head.


Message History

The orc hits you with a mace.
* * * LOW HITPOINT WARNING * * *
You closely miss the orc.
The orc is moderately wounded.
The orc closely misses you.
The orc priest hits you but does no damage.
The orc priest completely misses you.
Read which item? (? for menu, Esc to quit)
As you read the scroll labeled KATWYI YKHI, it crumbles to dust.
Your nose twitches suddenly!
It was a scroll of random uselessness.
Read which item? (? for menu, Esc to quit)
As you read the scroll labeled QYESSOCWYI, it crumbles to dust.
You feel blessed for a moment.
It was a scroll of remove curse.
Read which item? (? for menu, Esc to quit)
As you read the scroll labeled NOZXEG PADIL, it crumbles to dust.
It is a scroll of recharging.
You aren't carrying any rechargeable items.
The orc priest mumbles some strange prayers to Beogh against you.
Beogh smites you!
You die...

#.# #.#.##....(..... #.#
#.#.##.......... #.#
#.#.......####+#
#.###.#.......####.#
#######...................
#...........#.............
#.########..#.............
#.# #####..#.###......... #.#
#..o@.........#####..
#.####o###..#.###..#####>.
####........#>...............
#........o..'................
#######.....#.#....#.........
#.....#.#....#.######))
#.....#......#.# #.)
#.....###....#.# #.. #.....#
##'###.# #..


You could see an orc priest and an orc.

Vanquished Creatures
  Natasha (twice) (D:2)
  A gnoll (D:1)
  3 adders
  3 dart slugs
  A giant gecko (D:3)
  6 orcs (D:3)
  A giant cockroach (D:2)
  4 hobgoblins (D:1)
  4 jackals (D:1)
  11 bats
  2 giant newts (D:1)
  9 goblins
  7 kobolds
  14 rats
68 creatures vanquished.

Notes
Turn   | Place    | Note
--------------------------------------------------------------
     0 | D:1      | DarthKuruptios the Minotaur Monk began the quest for the Orb.
     0 | D:1      | Reached XP level 1. HP: 19/19 MP: 0/0
   173 | D:1      | Reached XP level 2. HP: 24/27 MP: 1/1
   723 | D:1      | Reached XP level 3. HP: 25/33 MP: 2/2
  1109 | D:2      | Found a shadowy altar of Dithmenos.
  1327 | D:2      | Noticed Natasha
  1337 | D:2      | Killed Natasha
  1337 | D:2      | Reached skill level 1 in Throwing
  1337 | D:2      | Reached skill level 5 in Unarmed Combat
  1337 | D:2      | Reached XP level 4. HP: 26/40 MP: 3/3
  1514 | D:2      | Noticed Natasha
  1533 | D:2      | Killed Natasha
  2022 | D:3      | Found a shimmering altar of Xom.
  2455 | D:3      | Reached XP level 5. HP: 46/46 MP: 4/4
  3036 | D:3      | Killed from afar by an orc priest

Vault maps used:
D:1:      eino_arrival_water_cross, serial_glass, glass_columns_a,
          glass_columns_a
D:2:      old_standard_altar, uniq_natasha
D:3:      nicolae_overflow_crystal_walls, first_bread

Skill      XL: |  1  2  3  4 |
---------------+-------------+-----
Stealth        | 2 |  2.5
Fighting       | 4 |  4.3
Throwing       | 1 |  1.4
Unarmed Combat | 5 |  5.4
Dodging        | 4 |  4.1

Action                   |  1- 3 |  4- 6 || total
-------------------------+-------+-------++-------
Melee: Unarmed           |    90 |    68 ||   158
       Headbutt          |    17 |    10 ||    27
       Punch             |     2 |     4 ||     6
Throw: Stone             |       |     5 ||     5
  Use: Scroll            |     1 |     4 ||     5
       Potion            |       |     2 ||     2
 Stab: Sleeping          |     1 |     4 ||     5
  Eat: Chunk             |     1 |     5 ||     6
Armor: Leather armour    |    12 |     9 ||    21
Dodge: Dodged            |    73 |    44 ||   117
